[Event "Early-Titled-Tuesday-Blitz-July-09-2024"]
[Site "Chess.com"]
[Date "2024.07.09"]
[Round "1"]
[White "MetiForce"]
[Black "nj123456"]
[Result "1-0"]
[WhiteElo "2848"]
[BlackElo "2459"]
[TimeControl "180+1"]
[EndTime "8:05:54 PDT"]
[Termination "MetiForce won by resignation"]

1. d4 d5 2. c4 e6 3. Nc3 Nf6 4. Nf3 Be7 5. cxd5 exd5 6. Bf4 c6 7. e3 O-O 8. Bd3 Re8 9. h3 Nbd7 10. Qc2 Nf8 11. Bh2 Bd6 12. Ne5 Ng6 13. f4 c5 14. O-O c4 15. Be2 Rb8 16. Bf3 Bf8 17.
f5 Ne7 18. g4 Ra8 19. Qg2 b5 20. g5 Ne4 21. Nxe4 dxe4 22. Bxe4 Rb8 23. f6 Ng6 24. Nc6 Qb6 25. Nxb8 Be6 26. Nc6 Rc8 27. Ne5 Nxe5 28. Bxe5 g6 29. Kh2 Qd8 30. d5 Bd7 31. Qg3 Be8 32. d6 Bd7 33. Rad1 Be6 34. Bd5 Qd7 35. Bxe6 Qxe6 36. Bf4 Rd8 37. Qg4 Rd7 38. Qxe6 fxe6 39.
e4 Kf7 40. e5 Rb7 41. d7 1-0

[Event "Early-Titled-Tuesday-Blitz-July-09-2024"]
[Site "Chess.com"]
[Date "2024.07.09"]
[Round "1"]
[White "Evan_Attaker"]
[Black "ural58"]
[Result "1-0"]
[WhiteElo "2740"]
[BlackElo "2416"]
[TimeControl "180+1"]
[EndTime "8:05:54 PDT"]
[Termination "Evan_Attaker won by resignation"]

1. a3 g6 2. h4 h5 3. Nf3 Bg7 4. c4 c5 5. Nc3 Nh6 6. b4 O-O 7. Bb2 b6 8. g3 Bb7 9. Bg2 cxb4 10. axb4 Nc6 11. Ng5 Qc8 12. b5 Ne5 13. Nd5 Bxd5 14. Bxd5 Nxc4 15. Bxg7 Kxg7 16. Rc1 Qc5 17. Bxc4 d5 18.
Bd3 Qd6 19. O-O e5 20. Rc6 Qd7 21. e4 Rad8 22. Qb1 dxe4 23. Bxe4 Qxd2 24. Bxg6 f5 25.
Bxh5 Rd6 26. Rd1 1-0

[Event "Early-Titled-Tuesday-Blitz-July-09-2024"]
[Site "Chess.com"]
[Date "2024.07.09"]
[Round "1"]
[White "TigrVShlyape"]
[Black "Dmitry_Ponomarev"]
[Result "1/2-1/2"]
[WhiteElo "2985"]
[BlackElo "2530"]
[TimeControl "180+1"]
[EndTime "8:05:57 PDT"]
[Termination "Game drawn by repetition"]

1. e4 d5 2. exd5 Qxd5 3. Nc3 Qd6 4. d4 Nf6 5. Nb5 Qb6 6. c3 c6 7. Na3 Bf5 8. Nc4 Qc7 9. Nf3 e6 10. Be2 Be7 11. O-O O-O 12. Bg5 Nd5 13. Bxe7 Qxe7 14. Qd2 Nd7 15. b4 h6 16. Rfe1 Qd8 17. Bf1 Re8 18.
a4 Bh7 19. Nd6 Qc7 20. Nxe8 Rxe8 21. c4 Nf4 22. g3 Ng6 23. Bg2 Nf6 24. b5 Rd8 25. Qe3 cxb5 26. cxb5 Nd5 27. Qc1 Qa5 28. Qd2 Qb6 29. Rac1 Nge7 30. Rc5 Nf6 31. a5 Qd6 32. Qc1 Ned5 33. Ne5 Nd7 34. Rc8 Nxe5 35. dxe5 Qd7 36. Rxd8+ Qxd8 37. a6 bxa6 38. bxa6 Bd3 39. Qc5 Bxa6 40.
Qxa7 Bd3 41. Rc1 Kh7 42. h4 Bg6 43. Bf3 h5 44. Qd4 Qa5 45. Kg2 Qa3 46. Rc8 Ne7 47.
Re8 Bf5 48. Qd8 Bh3+ 49. Kxh3 Qxf3 50. Rh8+ Kg6 51. Kh2 Qxf2+ 52. Kh1 Qf1+ 53. Kh2 Qf2+ 54. Kh1 Qf1+ 55. Kh2 Qf2+ 1/2-1/2

[Event "Early-Titled-Tuesday-Blitz-July-09-2024"]
[Site "Chess.com"]
[Date "2024.07.09"]
[Round "1"]
[White "David_Arutinian"]
[Black "Mattheii"]
[Result "1-0"]
[WhiteElo "2818"]
[BlackElo "2452"]
[TimeControl "180+1"]
[EndTime "8:05:59 PDT"]
[Termination "David_Arutinian won by resignation"]

1. Nf3 Nf6 2. c4 e6 3. e3 d5 4. b3 Be7 5. Bb2 O-O 6. Nc3 b6 7. g3 Bb7 8. Bg2 Nbd7 9. O-O c5 10. Qe2 dxc4 11. bxc4 Rc8 12. Rad1 Qc7 13. Ne1 Bxg2 14. Nxg2 Qb7 15. d3 Rfd8 16. f4 a6 17. a4 Nb8 18. f5 exf5 19. Rxf5 Nc6 20. g4 Nb4 21. g5 Ne8 22. h4 Qd7 23. e4 Nd6 24. Rff1 Bf8 25. Nf4 Re8 26. Ncd5 Nxd5 27. Nxd5 Rb8 28.
Rf2 b5 29. axb5 axb5 30. cxb5 c4 31. e5 Qxb5 32. Nc7 cxd3 33. Rxd3 Qc4 34. Nxe8 Rxe8 35.
Qf3 Nb5 36. Rd5 Nc7 37. Qxf7+ 1-0

[Event "Early-Titled-Tuesday-Blitz-July-09-2024"]
[Site "Chess.com"]
[Date "2024.07.09"]
[Round "1"]
[White "Mops_2004"]
[Black "pinelone"]
[Result "1-0"]
[WhiteElo "2736"]
[BlackElo "2409"]
[TimeControl "180+1"]
[EndTime "8:05:59 PDT"]
[Termination "Mops_2004 won by resignation"]

1. Nf3 c5 2. e4 g6 3. c4 Nc6 4. d4 cxd4 5. Nxd4 Nf6 6. Nc3 d6 7.
Be2 Nxd4 8. Qxd4 Bg7 9. Be3 O-O 10. Qd3 Ng4 11. Bxg4 Bxg4 12. O-O Be6 13. Bd4 Bxd4 14.
Qxd4 Qa5 15. Nd5 Bxd5 16. exd5 Rfc8 17. Rfe1 Rc7 18. b3 b5 19. cxb5 Qxb5 20. h4 h5 21. Re3 Rac8 22. Rae1 Qb7 23. Kh2 Rd7 24. R1e2 Rc5 25. Rd2 Qb6 26. g4 hxg4 27. Qxg4 Qc7 28.
h5 Kg7 29. hxg6 fxg6 30. Rg3 Qd8 31. Qxg6+ 1-0

[Event "Early-Titled-Tuesday-Blitz-July-09-2024"]
[Site "Chess.com"]
[Date "2024.07.09"]
[Round "1"]
[White "valik3504"]
[Black "Navyblue1"]
[Result "1-0"]
[WhiteElo "2560"]
[BlackElo "2119"]
[TimeControl "180+1"]
[EndTime "8:05:59 PDT"]
[Termination "valik3504 won on time"]

1. Nf3 c5 2. c4 Nc6 3. Nc3 g6 4. d4 cxd4 5. Nxd4 Bg7 6. Nc2 Nf6 7.
e4 d6 8. Be2 O-O 9. O-O Bd7 10.
Be3 Rc8 11. Rc1 b6 12. f3 Na5 13. Na3 Ne8 14. Qd2 Nb7 15. Rfd1 Nc7 16. Nc2 Nc5 17. Nb4 a5 18. Nbd5 Nxd5 19. Nxd5 e6 20. Nc3 Na4 21. Nxa4 Bxa4 22. b3 Bc6 23. Qxd6 Qxd6 24. Rxd6 Be5 25. Rd3 Bc7 26. a4 f6 27. Rcd1 Kf7 28.
Kf2 Ke7 29. g3 Rfd8 30. Bf1 Rxd3 31. Rxd3 Rd8 32. Rxd8 Bxd8 33. Bh3 Bd7 34. Ke2 e5 35. Bxd7 Kxd7 36. c5 1-0

[Event "Early-Titled-Tuesday-Blitz-July-09-2024"]
[Site "Chess.com"]
[Date "2024.07.09"]
[Round "1"]
[White "JEHUBNER"]
[Black "Gnechko_Ruslan"]
[Result "1-0"]
[WhiteElo "2019"]
[BlackElo "2532"]
[TimeControl "180+1"]
[EndTime "8:05:59 PDT"]
[Termination "JEHUBNER won by resignation"]

1. e4 c5 2. c3 Nf6 3. e5 Nd5 4. d4 cxd4 5. cxd4 d6 6. Nf3 Nc6 7. exd6 e6 8. Nc3 Bxd6 9. Bd3 O-O 10. O-O h6 11. Nxd5 exd5 12. Re1 Bg4 13. h3 Bxf3 14. Qxf3 Nxd4 15. Qh5 Re8 16. Bxh6 Ne6 17. Bd2 g6 18. Bxg6 fxg6 19. Qxg6+ Ng7 20. Bh6 Bf8 21. Rad1 Rxe1+ 22. Rxe1 Qd6 23. Qg5 Rd8 24. Qd2 d4 25. Re4 d3 26. Rg4 Rd7 27. g3 a6 28. Qc3 Qxh6 29.
Qc4+ Rf7 30. Rf4 Qf6 31. Rxf6 1-0

[Event "Early-Titled-Tuesday-Blitz-July-09-2024"]
[Site "Chess.com"]
[Date "2024.07.09"]
[Round "1"]
[White "rhungaski"]
[Black "talaicito"]
[Result "1-0"]
[WhiteElo "2668"]
[BlackElo "2355"]
[TimeControl "180+1"]
[EndTime "8:06:05 PDT"]
[Termination "rhungaski won on time"]

1. Nf3 f5 2. g3 Nf6 3. Bg2 d6 4.
O-O e5 5. d3 Be7 6. c4 O-O 7.
Nc3 Kh8 8. b4 Qe8 9. e3 Bd8 10.
Nd2 Qg6 11. Qe2 h5 12. Nf3 Ng4 13. h3 Nh6 14. Kh1 a5 15. b5 Nd7 16. Ba3 Rb8 17. Rg1 b6 18. Nd5 Qf7 19. Nh2 Bb7 20. f4 Nf6 21. fxe5 Nxd5 22. cxd5 Bxd5 23. exd6 Re8 24. e4 f4 25. Raf1 Nf5 26. Bf3 Nd4 27. Bxh5 Nxe2 28. Bxf7 Bxf7 29. Rxf4 Nxf4 30. gxf4 cxd6 31. Bxd6 Rc8 32. Ng4 1-0

[Event "Early-Titled-Tuesday-Blitz-July-09-2024"]
[Site "Chess.com"]
[Date "2024.07.09"]
[Round "1"]
[White "samolo"]
[Black "stepanosinovsky"]
[Result "0-1"]
[WhiteElo "2642"]
[BlackElo "2356"]
[TimeControl "180+1"]
[EndTime "8:06:06 PDT"]
[Termination "stepanosinovsky won by resignation"]

1. Nf3 Nf6 2. c4 g6 3. g3 Bg7 4. Bg2 O-O 5. O-O d6 6. d3 Nc6 7. Nc3 e5 8. Rb1 a5 9. a3 Nd4 10. Nd2 c6 11. b4 axb4 12. axb4 d5 13. e3 Ne6 14. Bb2 d4 15. exd4 Nxd4 16. Nce4 Nxe4 17. Nxe4 Bf5 18. c5 Qe7 19. Nd6 Ra7 20. Bxd4 exd4 21.
Nxf5 gxf5 22. Re1 Qf6 23. b5 f4 24. Qg4 fxg3 25. hxg3 Qg6 26. Qf3 Ra3 27. Red1 Rc3 28.
bxc6 bxc6 29. Qxc6 Qxc6 30. Bxc6 Rxc5 31. Be4 Rfc8 32.
Bf3 Bh6 33. Kg2 Rc1 34. Rdxc1 Rxc1 35. Rb2 Bf8 36. Rb1 Rxb1 0-1

[Event "Early-Titled-Tuesday-Blitz-July-09-2024"]
[Site "Chess.com"]
[Date "2024.07.09"]
[Round "1"]
[White "Andrey-Ivanov2011"]
[Black "AGW2016"]
[Result "0-1"]
[WhiteElo "2168"]
[BlackElo "2573"]
[TimeControl "180+1"]
[EndTime "8:06:06 PDT"]
[Termination "AGW2016 won by checkmate"]

1. e4 e5 2. Nf3 Nc6 3. Bc4 Bc5 4.
c3 Nf6 5. d3 d6 6. O-O a6 7. b4 Ba7 8. Bg5 h6 9. Nbd2 hxg5 10.
Nxg5 Ng4 11. Ndf3 Nh6 12. Qb3 O-O 13. h4 Ne7 14. Nxf7 Nxf7 15. Bxf7+ Rxf7 16. Ng5 Qe8 17. Nxf7 Qxf7 18. Qd1 Be6 19. d4 Qf4 20. d5 Bg4 21.
Qc1 Ng6 22. Qxf4 Nxf4 23. g3 Nh5 24. Kg2 Nf6 25. Rfe1 Rf8 26. Rab1 Bd7 27. Rb2 Bb5 28. a3 Nd7 29. Rd2 Nb6 30. Rdd1 Nc4 31. Kh3 Rxf2 32. Rf1 Rc2 33. Rf3 Bd7+ 34. g4 Ne3 35. Rg1 Nxd5 36. Rgf1 Nf4+ 37. Rxf4 exf4 38. Rxf4 Rxc3+ 39. Kg2 Rxa3 40. g5 Rb3 41. h5 Rxb4 42. g6 Rxe4 43. Rf2 Bxf2 44. Kf3 Re5 45. h6 gxh6 46. Kf4 Kg7 47. Kf3 Kxg6 48. Kf4 a5 49. Kf3 a4 50. Kf4 a3 51. Kf3 a2 52. Kf4 Ba7 53. Kf3 a1=N 54. Kf4 b5 55. Kf3 b4 56. Kf4 b3 57. Kf3 b2 58. Kf4 b1=N 59. Kf3 c5 60. Kf4 c4 61. Kf3 c3 62. Kf4 c2 63. Kf3 c1=N 64. Kf4 h5 65. Kf3 h4 66. Kf4 h3 67. Kf3 h2 68.
Kf4 h1=N 69. Kf3 d5 70. Kf4 Bb8 71. Kf3 d4 72. Kf4 d3 73. Kf3 d2 74. Kf4 d1=N 75. Kf3 Nc2 76. Kf4 Nd3+ 77. Kf3 Nd2+ 78. Kg2 Bc6+ 79. Kh3 Nhf2+ 80. Kg3 Re3+ 81. Kh4 Nf3# 0-1

[Event "Early-Titled-Tuesday-Blitz-July-09-2024"]
[Site "Chess.com"]
[Date "2024.07.09"]
[Round "1"]
[White "Schattman"]
[Black "Igor_Janik"]
[Result "0-1"]
[WhiteElo "2484"]
[BlackElo "2895"]
[TimeControl "180+1"]
[EndTime "8:06:07 PDT"]
[Termination "Igor_Janik won on time"]

1. d4 Nf6 2. Bf4 d6 3. e3 Nbd7 4. Nf3 Nh5 5. Bg5 h6 6. Bh4 g5 7.
Nfd2 Ndf6 8. Be2 gxh4 9. Bxh5 e5 10. dxe5 dxe5 11. Bf3 c6 12. O-O h3 13. g3 h5 14. Nc3 Be6 15. a3 Be7 16. Qe2 Qc7 17. Nde4 Ng4 18. b4 f5 19. Nc5 Bxc5 20. bxc5 O-O-O 21. Rab1 Qa5 22. Nb5 cxb5 23. Rxb5 Qa4 24. Bxb7+ Kc7 25.
Bf3 Bc4 26. Rb7+ Kc8 27. Rfb1 Bxe2 28. Rb8+ Kd7 29. R1b7+ Ke6 0-1

[Event "Early-Titled-Tuesday-Blitz-July-09-2024"]
[Site "Chess.com"]
[Date "2024.07.09"]
[Round "1"]
[White "Potosino1970"]
[Black "tylityli"]
[Result "1-0"]
[WhiteElo "2695"]
[BlackElo "2384"]
[TimeControl "180+1"]
[EndTime "8:06:09 PDT"]
[Termination "Potosino1970 won on time"]

1. e4 e5 2. Nf3 Nc6 3. Bb5 a6 4.
Ba4 Nf6 5. Nc3 b5 6. Bb3 Bc5 7. d3 h6 8. Nd5 d6 9. c3 Be6 10.
O-O O-O 11. d4 exd4 12. cxd4 Nxe4 13. dxc5 Nxc5 14. Bc2 Bg4 15. h3 Bh5 16. Be3 Ne6 17. Rc1 Ne5 18. g4 Nxg4 19. hxg4 Bxg4 20. Qd3 f5 21. Nh2 Bh3 22. Rfe1 Qh4 23. Kh1 Rae8 24.
Rg1 c5 25. b3 c4 26. bxc4 bxc4 27. Qd1 f4 28. Bd4 Nxd4 29. Qxd4 Rf7 30. Bg6 Bf5 31.
Bxf7+ Kxf7 32. Rxg7+ Ke6 33. Re1+ 1-0

[Event "Early-Titled-Tuesday-Blitz-July-09-2024"]
[Site "Chess.com"]
[Date "2024.07.09"]
[Round "1"]
[White "Sadykov_Ramil"]
[Black "FMalexhdez"]
[Result "1-0"]
[WhiteElo "2611"]
[BlackElo "2278"]
[TimeControl "180+1"]
[EndTime "8:06:09 PDT"]
[Termination "Sadykov_Ramil won by resignation"]

1. e4 c5 2. Nf3 d6 3. Bc4 Nf6 4. d3 Nc6 5. c3 g6 6. O-O Bg7 7. Re1 O-O 8. Nbd2 a6 9. a4 e5 10. Nf1 Be6 11. Bg5 h6 12. Bxf6 Bxf6 13. Ne3 h5 14. Bd5 Bg7 15. Qb3 Qd7 16. a5 Bh6 17. h3 Kg7 18. Nc4 Rae8 19. Nb6 Qe7 20. Nh2 f5 21. Bxe6 Qxe6 22. Qxe6 Rxe6 23. Nf1 fxe4 24. dxe4 Rf7 25. Ne3 Bxe3 26. Rxe3 Kf8 27. Nc4 Ke7 28.
Rd1 Ref6 29. Rd2 g5 30. Red3 Rf8 31. Nxd6 Nxa5 32. Nf5+ Kf7 33. Rd7+ Kg8 34. Rg7+ Kh8 35.
Rdd7 1-0

[Event "Early-Titled-Tuesday-Blitz-July-09-2024"]
[Site "Chess.com"]
[Date "2024.07.09"]
[Round "1"]
[White "VaglioSagan"]
[Black "ilqar_74"]
[Result "0-1"]
[WhiteElo "2489"]
[BlackElo "2901"]
[TimeControl "180+1"]
[EndTime "8:06:12 PDT"]
[Termination "ilqar_74 won by checkmate"]

1. d4 Nf6 2. c4 e6 3. Nf3 d5 4.
Nc3 Bb4 5. cxd5 exd5 6. Bg5 h6 7. Bh4 g5 8. Bg3 Ne4 9. Nd2 Nxg3 10. hxg3 c6 11. Qb3 Qe7 12. a3 Bd6 13. e3 Be6 14.
Bd3 Qc7 15. Rc1 a6 16. Ne2 Nd7 17. Nf3 Qa5+ 18. Qc3 Qxc3+ 19. Nxc3 Ke7 20. Kd2 b5 21. e4 Nb6 22. e5 Bc7 23. Rh2 g4 24. Nh4 Nc4+ 25.
Bxc4 bxc4 26. f4 Rab8 27. Rc2 Ba5 28. f5 Bd7 29. e6 Be8 30. exf7 Bxf7 31. Kc1 Bxc3 32.
Rxc3 Kf6 33. Ng6 Bxg6 34. fxg6 Kxg6 35. Re3 Rbe8 36. Rc3 Re2 37. Rh1 Rb8 38. b4 a5 39.
bxa5 Ra2 40. Rh4 h5 41. Re3 Rf8 42. Re6+ Kg7 43. Re7+ Kg8 44. Kb1 Rxg2 45. Re1 Rb8+ 46. Ka1 Rxg3 47. Rxh5 Rxa3# 0-1

[Event "Early-Titled-Tuesday-Blitz-July-09-2024"]
[Site "Chess.com"]
[Date "2024.07.09"]
[Round "1"]
[White "HypeMan111"]
[Black "Djager97"]
[Result "0-1"]
[WhiteElo "2295"]
[BlackElo "2614"]
[TimeControl "180+1"]
[EndTime "8:06:12 PDT"]
[Termination "Djager97 won by resignation"]

1. e4 e5 2. Nf3 Nc6 3. Bb5 a6 4. Ba4 Nf6 5. O-O b5 6. Bb3 Bc5 7. c3 d6 8. a4 Rb8 9. d4 Bb6 10. a5 Ba7 11. Re1 Bg4 12. Be3 O-O 13. dxe5 Bxf3 14.
Qxf3 Nxe5 15. Qe2 Bxe3 16. Qxe3 c5 17. Nd2 Re8 18. Rad1 Qxa5 19. f4 Ng6 20. Bc2 Qc7 21.
g3 b4 22. Qf3 bxc3 23. bxc3 Rb2 24. Bd3 h6 25. Nc4 Rbb8 26. Nxd6 Qxd6 27. e5 Qb6 28.
Bxg6 fxg6 29. exf6 Qxf6 30. Qd5+ Kh7 31. Qxc5 Rxe1+ 32.
Rxe1 Rb2 33. Qd4 Qf5 34. c4 Qc2 0-1

[Event "Early-Titled-Tuesday-Blitz-July-09-2024"]
[Site "Chess.com"]
[Date "2024.07.09"]
[Round "1"]
[White "chipmunknau"]
[Black "A4RookA3"]
[Result "1-0"]
[WhiteElo "2714"]
[BlackElo "2398"]
[TimeControl "180+1"]
[EndTime "8:06:13 PDT"]
[Termination "chipmunknau won by resignation"]

1. d4 d5 2. c4 e6 3. Nc3 a6 4. cxd5 exd5 5. Bf4 Nf6 6. Nf3 c5 7. e3 Nc6 8. Be2 c4 9. O-O b5 10. Ne5 Bb7 11. Bf3 Be7 12. h3 O-O 13. g4 b4 14. Na4 Nxe5 15. dxe5 Ne4 16. Bxe4 dxe4 17.
Qxd8 Raxd8 18. Rac1 Bc6 19. Nb6 c3 20. bxc3 Rb8 21. Nc4 Bb5 22. cxb4 Rfc8 23. e6 Rb7 24. Nd6 Rxc1 25. Rxc1 Bxd6 26. Rc8+ Bf8 27. Bd6 h6 28. Rxf8+ 1-0

[Event "Early-Titled-Tuesday-Blitz-July-09-2024"]
[Site "Chess.com"]
[Date "2024.07.09"]
[Round "1"]
[White "SujanaLohani"]
[Black "BelyakovBogdan"]
[Result "1-0"]
[WhiteElo "2374"]
[BlackElo "2652"]
[TimeControl "180+1"]
[EndTime "8:06:13 PDT"]
[Termination "SujanaLohani won by resignation"]

1. e4 e5 2. Nf3 Nc6 3. Bb5 a6 4. Ba4 Bc5 5. O-O Nge7 6. Re1 Ng6 7. c3 Ba7 8. d4 O-O 9. Be3 d6 10. Bxc6 bxc6 11. dxe5 Bxe3 12. Rxe3 dxe5 13. Nbd2 Rb8 14. b3 Qf6 15. Qc2 Nf4 16. Nc4 Bh3 17. Ne1 Be6 18.
Na5 c5 19. Nd3 Rb5 20. b4 cxb4 21. cxb4 Nxd3 22. Rxd3 Rc5 23. Qxc5 h6 24. Rf3 Qg6 25.
Nc6 Qxe4 26. Re3 Qh4 27. Ne7+ Kh7 28. Ng6 fxg6 29. Qxf8 Bd5 30. Rae1 c6 31. Rxe5 Qxb4 32. Qxb4 1-0

[Event "Early-Titled-Tuesday-Blitz-July-09-2024"]
[Site "Chess.com"]
[Date "2024.07.09"]
[Round "1"]
[White "ShiroglanTalibov"]
[Black "GMMikhailKazakov"]
[Result "1/2-1/2"]
[WhiteElo "2917"]
[BlackElo "2510"]
[TimeControl "180+1"]
[EndTime "8:06:14 PDT"]
[Termination "Game drawn by repetition"]

1. d4 Nf6 2. c4 e6 3. Nf3 b6 4. Nc3 Bb7 5. Bg5 Be7 6. Qc2 h6 7. Bh4 O-O 8. e3 d6 9. Bd3 Nbd7 10. O-O Re8 11. e4 e5 12. d5 Nh5 13. Bg3 Nf4 14. Ne2 g5 15. Bxf4 exf4 16. Ned4 Bf8 17. Rfe1 Qf6 18. Nf5 Ne5 19. Nxe5 Qxe5 20. Rac1 Bc8 21.
Kf1 a5 22. b3 Bxf5 23. exf5 Qd4 24. Be2 Bg7 25. Bh5 Bf6 26. a3 Kg7 27. g3 fxg3 28.
hxg3 Qb2 29. a4 Rxe1+ 30. Kxe1 Re8+ 31. Kf1 Qxc2 32. Rxc2 Bd4 33. Bg4 Kf6 34. Rd2 Bc5 35. Rd3 Re4 36. Bh5 g4 37. Rd2 Bb4 38. Rd1 Bc5 39. Rd2 Bb4 40. Rc2 Bc5 41. Rd2 1/2-1/2

[Event "Early-Titled-Tuesday-Blitz-July-09-2024"]
[Site "Chess.com"]
[Date "2024.07.09"]
[Round "1"]
[White "Herzog2012"]
[Black "UK_23"]
[Result "1-0"]
[WhiteElo "2730"]
[BlackElo "2408"]
[TimeControl "180+1"]
[EndTime "8:06:15 PDT"]
[Termination "Herzog2012 won by resignation"]

1. e4 c6 2. d4 d5 3. Nc3 dxe4 4. Nxe4 Nf6 5. Nxf6+ exf6 6. c3 Bd6 7. Bd3 O-O 8. Qc2 Re8+ 9. Ne2 h5 10. O-O h4 11.
h3 Nd7 12. Be3 Nf8 13. c4 Bc7 14. Rfe1 Be6 15. Rad1 Rc8 16. Nf4 Bxf4 17. Bxf4 Qd7 18. Be4 b5 19. b3 g6 20. Qd3 f5 21. Bf3 Qb7 22. d5 cxd5 23. cxd5 Bd7 24. d6 Qb6 25. Be5 Ne6 26. Qd2 g5 27. Bd5 f4 28. Qe2 Ng7 29. Qb2 Nh5 30. Qb1 Rxe5 31. Rxe5 Kf8 32. Qh7 Nf6 33.
Qh6+ 1-0

[Event "Early-Titled-Tuesday-Blitz-July-09-2024"]
[Site "Chess.com"]
[Date "2024.07.09"]
[Round "1"]
[White "Arystanner"]
[Black "amylazy"]
[Result "1-0"]
[WhiteElo "2895"]
[BlackElo "2485"]
[TimeControl "180+1"]
[EndTime "8:06:17 PDT"]
[Termination "Arystanner won by resignation"]

1. d4 Nf6 2. c4 g6 3. Nc3 d5 4. Nf3 Bg7 5. e3 O-O 6. cxd5 Nxd5 7. Bc4 Nxc3 8. bxc3 c5 9. O-O Qc7 10. Qe2 Nc6 11. Rd1 Bg4 12. Bb2 cxd4 13. cxd4 Bxf3 14. gxf3 Rac8 15. Rac1 Qa5 16. f4 e6 17. Bb3 Ne7 18. Rxc8 Rxc8 19. Qf3 Qb6 20. Rc1 Rxc1+ 21. Bxc1 Nf5 22.
Qe4 Bf8 23. Qc2 Qa5 24. Bd2 Qd8 25. Qc4 Nh4 26. Bd1 Qb6 27. Kf1 Qb1 28. Ke2 Qf5 29. Qc2 Qg4+ 30. Kd3 Qg2 31. Qc8 Qxf2 32. Bb4 Qf1+ 33.
Kc2 Qg2+ 34. Kb1 Qe4+ 35. Bc2 Qh1+ 36. Kb2 1-0

[Event "Early-Titled-Tuesday-Blitz-July-09-2024"]
[Site "Chess.com"]
[Date "2024.07.09"]
[Round "1"]
[White "HaryKane"]
[Black "Knightmare1014"]
[Result "1-0"]
[WhiteElo "2599"]
[BlackElo "2249"]
[TimeControl "180+1"]
[EndTime "8:06:17 PDT"]
[Termination "HaryKane won by resignation"]

1. e4 c5 2. Nf3 e6 3. d4 cxd4 4. Nxd4 a6 5. Nc3 Qc7 6. Bd3 Nf6 7. O-O Nc6 8. Nb3 b5 9. Qe2 d6 10. Bd2 Bb7 11. Rae1 Be7 12. f4 e5 13. Nd5 Qd8 14. fxe5 dxe5 15. Nxf6+ Bxf6 16. Nc5 Bc8 17. c3 O-O 18. Be3 Be7 19. Rd1 Qc7 20. b4 Rd8 21. Bc2 Bd7 22. Bb3 Be8 23. Qh5 Bxc5 24. Bxc5 Rxd1 25.
Rxd1 a5 26. a3 axb4 27. axb4 Rd8 28. Bd5 Ne7 29. Bxe7 Qxe7 30. Qe2 g6 31. h3 Kg7 32. Qe3 Rd6 33. Kh2 Qd8 34. Qc5 Qb6 35. Ra1 Bd7 36. Ra5 Qb8 37. Ra7 Be6 38. Rc7 Bxd5 39. Qxd6 Bxe4 40.
Rxf7+ Kxf7 41. Qxb8 1-0

[Event "Early-Titled-Tuesday-Blitz-July-09-2024"]
[Site "Chess.com"]
[Date "2024.07.09"]
[Round "1"]
[White "prxcess_brownie"]
[Black "Aryan_Tamadon"]
[Result "0-1"]
[WhiteElo "2226"]
[BlackElo "2590"]
[TimeControl "180+1"]
[EndTime "8:06:17 PDT"]
[Termination "Aryan_Tamadon won by checkmate"]

1. c4 b5 2. cxb5 Nf6 3. Nc3 d5 4. d4 Bf5 5. e3 e6 6. Nf3 Bd6 7. Be2 O-O 8. O-O c5 9. bxc6 Nxc6 10. Nb5 Bb8 11. a4 a6 12. Na3 Bd6 13. Bd2 Qb6 14. Nh4 Qxb2 15. Qc1 Qb7 16. Nxf5 exf5 17. Qc2 Rfc8 18. Qxf5 Qb2 19. Qb1 Qxd2 20. Bf3 Rab8 21. Qc1 Qxc1 22. Rfxc1 Nxd4 23. Rxc8+ Rxc8 24. Kf1 Bxa3 25. Rxa3 Rc1+ 26. Bd1 Rxd1# 0-1

[Event "Early-Titled-Tuesday-Blitz-July-09-2024"]
[Site "Chess.com"]
[Date "2024.07.09"]
[Round "1"]
[White "familijatop71"]
[Black "deribas12345"]
[Result "0-1"]
[WhiteElo "2317"]
[BlackElo "2639"]
[TimeControl "180+1"]
[EndTime "8:06:18 PDT"]
[Termination "deribas12345 won by resignation"]

1. e4 c5 2. c3 e6 3. d4 d5 4. e5 Qa5 5. Nf3 cxd4 6. Nxd4 Nc6 7. Nxc6 bxc6 8. Bd3 c5 9. O-O Ne7 10. Nd2 Nc6 11.
Nf3 Ba6 12. Bf4 Be7 13. a3 Bxd3 14. Qxd3 c4 15. Qd2 h6 16. Nd4 Nxd4 17. Qxd4 Rb8 18.
Rab1 O-O 19. Qe3 Rb5 20. Qg3 Kh8 21. Qh3 Kh7 22. Qh5 Qb6 23. g4 Rxb2 24. Rxb2 Qxb2 25. g5 Qxc3 26. gxh6 g6 27. Qe2 Rb8 28. Bd2 Qd3 29. Qe1 d4 30. f4 c3 31. Bc1 Rb1 32. Kg2 Qc2+ 33. Kh3 Rxc1 34. Qxc1 Qxc1 35. Rxc1 Bxa3 36. Ra1 c2 0-1

[Event "Early-Titled-Tuesday-Blitz-July-09-2024"]
[Site "Chess.com"]
[Date "2024.07.09"]
[Round "1"]
[White "TheoSlade"]
[Black "alexrustemov"]
[Result "0-1"]
[WhiteElo "2480"]
[BlackElo "2882"]
[TimeControl "180+1"]
[EndTime "8:06:19 PDT"]
[Termination "alexrustemov won by resignation"]

1. d4 g6 2. c4 Bg7 3. e4 d6 4. Nc3 Nc6 5. Be3 e5 6. dxe5 dxe5 7. Qxd8+ Nxd8 8. Nb5 Ne6 9. Nxa7 Bd7 10. Nb5 Ke7 11.
Nf3 c6 12. Nc3 f5 13. exf5 gxf5 14. Be2 Nd4 15. Bg5+ Kf7 16. O-O Nxe2+ 17. Nxe2 Be6 18. b3 Ne7 19. Bxe7 Kxe7 20. Ng5 Bd7 21. a4 h6 22. Nh3 Be6 23. Rad1 Rhd8 24. f3 Kf6 25. Nf2 Bf8 26. Rxd8 Rxd8 27. Rd1 Rb8 28. Nd3 b5 29.
axb5 cxb5 30. cxb5 Bxb3 31. Rc1 Rxb5 32. Rc6+ Be6 33.
f4 e4 34. Ne5 Bc5+ 35. Kf1 Rb1+ 36. Nc1 Rxc1+ 37. Ke2 Ba3 38. Ra6 Bb2 39. Nd7+ Ke7 40. Ne5 Bxe5 41. fxe5 Bc4+ 0-1

[Event "Early-Titled-Tuesday-Blitz-July-09-2024"]
[Site "Chess.com"]
[Date "2024.07.09"]
[Round "1"]
[White "KorolDimitriy75"]
[Black "Ordekalog"]
[Result "0-1"]
[WhiteElo "2404"]
[BlackElo "2722"]
[TimeControl "180+1"]
[EndTime "8:06:19 PDT"]
[Termination "Ordekalog won by checkmate"]

1. d4 d5 2. c4 e6 3. Nc3 c5 4.
cxd5 cxd4 5. Qxd4 Nc6 6. Qd1 exd5 7. Qxd5 Bd7 8. Qb3 Nf6 9. Nf3 Bc5 10. e3 Qe7 11. Be2 O-O-O 12. O-O Be6 13. Qa4 Kb8 14. a3 g5 15. b4 Bb6 16. Nxg5 Rhg8 17. Nge4 Nxe4 18. Nxe4 Bc4 19. Bf3 Bxf1 20. Kxf1 Ne5 21. Be2 f5 22. Ng3 Qf6 23. Bb2 f4 24. Ne4 Qf5 25. Qb5 Rge8 26. exf4 Qxf4 27. f3 Ng4 28. Qg5 Nxh2+ 29. Ke1 Rxe4 30. Qxf4+ Rxf4 31. Be5+ Bc7 32. Bxf4 Bxf4 33. Rd1 Bg3# 0-1

[Event "Early-Titled-Tuesday-Blitz-July-09-2024"]
[Site "Chess.com"]
[Date "2024.07.09"]
[Round "1"]
[White "twofoxniel"]
[Black "esrosenberg"]
[Result "1-0"]
[WhiteElo "2642"]
[BlackElo "2321"]
[TimeControl "180+1"]
[EndTime "8:06:20 PDT"]
[Termination "twofoxniel won on time"]

1. e4 c5 2. c3 d5 3. exd5 Qxd5 4. d4 g6 5. Nf3 Bg7 6. dxc5 Qxd1+ 7. Kxd1 Nd7 8. Be3 Ngf6 9. Bd4 O-O 10. Nbd2 Ng4 11.
h3 Bxd4 12. hxg4 Bxf2 13. b4 Nf6 14. g5 Nd5 15. Kc2 Ne3+ 16. Kb3 Be6+ 17. Kb2 Nxf1 18.
Rhxf1 Bg3 19. Ne4 Bc7 20. Rad1 Rad8 21. Rfe1 Rxd1 22. Rxd1 Rd8 23. Rxd8+ Bxd8 24. a4 Bd5 25. Ned2 Bc7 26. c4 Be6 27. Kc3 Bf4 28. b5 Kf8 29. a5 Ke8 30. Nb3 Kd8 31. Nbd4 Bg4 32. c6 Kc7 33. cxb7 Kxb7 34. c5 e5 35. a6+ Kc7 36. Nc6 e4 37. Nfd4 e3 38. Kd3 Bxg5 39. Nxa7 e2 40. b6+ Kd7 41. Nxe2 1-0

[Event "Early-Titled-Tuesday-Blitz-July-09-2024"]
[Site "Chess.com"]
[Date "2024.07.09"]
[Round "1"]
[White "FLYD"]
[Black "FloMasterAAK"]
[Result "0-1"]
[WhiteElo "2151"]
[BlackElo "2570"]
[TimeControl "180+1"]
[EndTime "8:06:21 PDT"]
[Termination "FloMasterAAK won by checkmate"]

1. e4 c5 2. Nf3 e6 3. d4 cxd4 4. Nxd4 Nc6 5. Nc3 Qc7 6. f4 a6 7. Nxc6 dxc6 8. Bd3 b5 9. O-O h5 10. Qf3 Nf6 11. Be3 Bb7 12. a3 c5 13. Rae1 c4 14. Be2 Ng4 15. Bd4 Rd8 16. h3 Rxd4 17. hxg4 hxg4 18. Qxg4 Bc5 19. Rf2 Kf8 20. e5 Qe7 21. Bf3 Rh4 22. Qg3 Rdxf4 23. Ne4 Bxe4 24. Rxe4 Rxe4 25. Bxe4 Rxe4 26. Qf3 Re1+ 27. Kh2 Qh4+ 28.
Qh3 Bxf2 29. b4 Bg3# 0-1